 Dungeon Crawl Stone Soup version 0.31-a0-229-g1fc7ce93e2 (webtiles) character file.

Game seed: 6895878725166260053

77 qw the Shooter (level 4, -7/36 HPs)
             Began as a Minotaur Hexslinger on July 6, 2023.
             Killed from afar by Ijyb (13 damage)
             ... with a bolt of acid
             ... on level 3 of the Dungeon.
             The game lasted 00:00:42 (1563 turns).

qw the Shooter (Minotaur Hexslinger)                Turns: 1563, Time: 00:00:43

Health: -7/36      AC:  1    Str: 13    XL:     4   Next: 13%
Magic:  4/4        EV: 11    Int: 10    God:
Gold:   95         SH:  0    Dex: 14    Spells: 4/5 levels left

rFire   . . .        Y - +1 sling
rCold   . . .        (no shield)
rNeg    . . .        g - +0 ring mail
rPois   .            (helmet restricted)
rElec   .            (no cloak)
rCorr   .            (no gloves)
SInv    .            (no boots)
Will    .....        (no amulet)
Stlth   +            (no ring)
HPRegen 0.26/turn    (no ring)
MPRegen 0.09/turn

%: no passive effects
@: corroded
A: horns 2, retaliatory headbutt
a: no special abilities


You were on level 3 of the Dungeon.
You visited 1 branch of the dungeon, and saw 3 of its levels.

You collected 137 gold pieces.
You spent 42 gold pieces at shops.


Innate Abilities, Weirdness & Mutations

You have a pair of horns on your head.
You reflexively headbutt those who attack you in melee.


   Skills:
 - Level 2.0 Fighting
 + Level 4.4 Ranged Weapons
 - Level 1.0 Armour
 - Level 2.1 Dodging
 - Level 1.0 Spellcasting
 - Level 2.0 Hexes


You had 4 spell levels left.
You knew the following spells:

 Your Spells              Type           Power      Damage    Failure   Level
a - Slow                  Hex            16%        N/A       32%         1

Your spell library contained the following spells:

 Spells                   Type           Power      Damage    Failure   Level
 Inner Flame              Hex/Fire       2%         N/A       82%         3
 Portal Projectile        Hex/Tloc       4%         N/A       82%         3
 Cause Fear               Hex            2%         N/A       97%         4

Inventory:

Hand Weapons
 Y - a +1 sling (weapon)
Armour
 g - a +0 ring mail (worn)
Jewellery
 f - a ring of ice
 i - a ring of resist corrosion
 k - a ring of fire
Scrolls
 a - a scroll of identify
 e - a scroll of fear {unknown}
 h - a scroll of torment {unknown}
 l - a scroll of blinking {unknown}
Potions
 b - 3 potions of curing
 c - a potion of cancellation {unknown}
 d - a potion of might {unknown}
 j - a potion of enlightenment {unknown}

Dungeon Overview and Level Annotations

Branches:
Dungeon (3/15)

Altars:
Ashenzari

Shops:
D:1 (   D:2 !

Annotations:
D:3 Ijyb


Message History

Enter note:
Enter note:
Enter note:
Enter note: The anaconda hisses angrily.
You hear an angry hiss.
You hear a shout!
The black mamba hisses angrily.
The cyclops shouts!
You hear an angry hiss.
Found 9 stones.
You see here 2 stones.
Enter note:
Enter note:
Enter note:
Enter note:
Enter note:
Enter note: A frilled lizard comes into view.
Found Maxwell's Memoranda.
The frilled lizard hisses angrily.
Ijyb the Twisted Goblin comes into view.
She is wielding a +2 club and carrying a wand of acid (4).
You shoot a sling bullet.
The sling bullet completely misses the frilled lizard.
Ijyb shouts!
You hear a shout!
A quokka comes into view.
You shoot a sling bullet.
The sling bullet hits the frilled lizard!
You kill the frilled lizard!
You shoot a sling bullet. The sling bullet closely misses Ijyb.
A goblin comes into view. It is wielding a +0 club.
Ijyb zaps a wand.
The bolt of acid hits you!
You shoot a sling bullet. The sling bullet hits Ijyb.
Ijyb is lightly wounded.
Ijyb screams, "Level is mine!
All mine!"
Ijyb zaps a wand.
The bolt of acid hits you! The acid corrodes you!
You shoot a sling bullet. The sling bullet barely misses Ijyb.
The sling bullet hits the quokka.
The quokka is severely wounded.
You shoot a sling bullet. The sling bullet closely misses Ijyb.
Ijyb zaps a wand.
The bolt of acid hits you!
You die...

#####....##..##..###############
#........................[......
#.....).................._......
#.........#<#...#...............
#......<..#...#.################
#...#####.#####.####.NS##SSNSS#S
#...# ### #.# ..N#.~.#~#SN~#
#...# #(###.N##...#..... #...#
#@# ### ########## #####
#..g..... ###r..... g#.... . ...
.. .. ## .


You could see Ijyb, a quokka and a goblin.

Vanquished Creatures
  An adder (D:3)
  A worm (D:2)
  2 dart slugs (D:1)
  3 orcs (D:3)
  2 ball pythons (D:3)
  4 endoplasms
  4 giant cockroaches
  4 goblins
  4 hobgoblins
  9 kobolds
  3 quokkas
  9 bats
  6 frilled lizards
  6 rats
58 creatures vanquished.

Notes
Turn   | Place    | Note
-------+----------+-------------------------------------------
     0 | D:1      | qw the Minotaur Hexslinger began the quest for the Orb.
     0 | D:1      | Reached XP level 1. HP: 16/16 MP: 1/1
     0 | D:1      | 0 ||| qw: Version: 0.3-a-46-gb1f654a
     0 | D:1      | 0 ||| qw: Game counter: 1271
     0 | D:1      | 0 ||| qw: Melee chars always use a shield: true
     0 | D:1      | 0 ||| qw: God list: Okawaru
     0 | D:1      | 0 ||| qw: Allow faded altars: false
     0 | D:1      | 0 ||| qw: Do Orc after clearing Dungeon:15 true
     0 | D:1      | 0 ||| qw: Do second Lair branch before Depths: true
     0 | D:1      | 0 ||| qw: Lair rune preference: random
     0 | D:1      | 0 ||| qw: Goals: Normal
     0 | D:1      | 0 ||| PLANNING D:1-11
    58 | D:1      | Reached skill level 3 in Ranged Weapons
    58 | D:1      | Reached XP level 2. HP: 23/23 MP: 2/2
   277 | D:1      | Found Qigal's Weapon Shop.
   434 | D:1      | 434 ||| UPGRADING to +0 ring mail.
   444 | D:1      | 444 ||| DROPPING +0 robe.
   445 | D:1      | 445 ||| READING 2 scrolls labelled WURYQU WUM NECK.
   446 | D:1      | 446 ||| READING scroll labelled MEYHOSUEGI.
   447 | D:1      | 447 ||| DROPPING scroll of poison.
   609 | D:2      | Found a faded altar of an unknown god.
   633 | D:2      | Reached XP level 3. HP: 29/29 MP: 3/3
   634 | D:2      | Found Naeqaeh's Distillery.
   647 | D:2      | 647 ||| BUYING potion of curing (42 gold).
   647 | D:2      | Bought a potion of curing for 42 gold pieces
   647 | D:2      | 647 ||| SHOPLISTING potion of curing (42 gold, have 6).
   647 | D:2      | 647 ||| SHOPLISTING potion of heal wounds (70 gold, have
                  | 6).
   647 | D:2      | 647 ||| SHOPLISTING potion of resistance (140 gold, have
                  | 6).
  1093 | D:2      | 1093 ||| DROPPING amulet of magic regeneration.
  1094 | D:2      | 1094 ||| READING scroll labelled JEGIOSM UXOKEO.
  1095 | D:2      | 1095 ||| READING scroll labelled LIMUNE QEIJE.
  1096 | D:2      | 1096 ||| READING scroll labelled POCION RAECUBB.
  1129 | D:3      | Reached skill level 4 in Ranged Weapons
  1140 | D:3      | 1140 ||| Stepping ~*~*~tactically~*~*~ (water).
  1155 | D:3      | Reached skill level 1 in Armour
  1206 | D:3      | Reached XP level 4. HP: 25/36 MP: 4/4
  1338 | D:3      | 1338 ||| Stepping ~*~*~tactically~*~*~ (water).
  1411 | D:3      | Found a broken altar of Ashenzari.
  1415 | D:3      | Saw a vision of the Shoals and the Snake Pit.
  1415 | D:3      | Noticed a manticore
  1415 | D:3      | Noticed a merfolk
  1415 | D:3      | Noticed a merfolk aquamancer
  1415 | D:3      | Noticed a harpy
  1415 | D:3      | Noticed a wind drake
  1415 | D:3      | Noticed a snapping turtle
  1415 | D:3      | Noticed a cyclops
  1415 | D:3      | Noticed a cyclops
  1415 | D:3      | Noticed a naga ritualist
  1415 | D:3      | Noticed a naga
  1415 | D:3      | Noticed a naga mage
  1415 | D:3      | Noticed a naga warrior
  1415 | D:3      | Noticed a naga
  1415 | D:3      | Noticed a black mamba
  1415 | D:3      | Noticed a mana viper
  1415 | D:3      | Noticed a salamander
  1415 | D:3      | Noticed a black mamba
  1415 | D:3      | Noticed a merfolk
  1416 | D:3      | Noticed an anaconda
  1416 | D:3      | Noticed a sea snake
  1416 | D:3      | Noticed a merfolk javelineer
  1416 | D:3      | Noticed an anaconda
  1417 | D:3      | Noticed a black mamba
  1557 | D:3      | Noticed Ijyb
  1561 | D:3      | HP: 5/36 [Ijyb/bolt of acid (14)]
  1563 | D:3      | Killed from afar by Ijyb

Levels and vault maps discovered:
D:1:      eino_arrival_druids_welcome, layout_rooms, serial_shops,
          nicolae_shop_bloodbath_and_beyond
D:2:      layout_loops_cross, serial_shops, nicolae_shop_waterfront,
          shapermc_ecumenical_altar_acropolis
D:3:      layout_basic, grunt_ashenzari_visionary
          [grunt_ashenzari_visionary_shoals, grunt_ashenzari_visionary_snake],
          serial_rivers, chequers_serial_rivers_marsh,
          chequers_serial_rivers_micro_e, chequers_serial_rivers_room_b,
          chequers_serial_rivers_micro_c, uniq_ijyb

Skill      XL: |  1  2  3 |
---------------+----------+-----
Ranged Weapons | 3 4 |  4.4
Fighting       | 2 |  2.0
Armour         | 1 |  1.0
Dodging        | |  2.1
Spellcasting   | |  1.0
Hexes          | |  2.0

Action                     |  1- 3 |  4- 6 || total
---------------------------+-------+-------++-------
   Fire: Sling             |   128 |    27 ||   155
    Use: Scroll            |     5 |       ||     5
 Armour: Robe              |    10 |       ||    10
         Ring mail         |    13 |     6 ||    19
  Dodge: Dodged            |    34 |     8 ||    42

Table legend:
 A = Non-vault XP
 B = Vault XP
 C = Vault XP percentage of total XP
 D = Non-vault monster count
 E = Vault monster count
 F = Vault count percentage of total count
                 A         B        C        D         E       F
            +---------+---------+-------+---------+---------+-------
      Total |     110 |       0 |   0.0 |      58 |       0 |   0.0
            +---------+---------+-------+---------+---------+-------
        D:1 |      34 |       0 |   0.0 |      18 |       0 |   0.0
        D:2 |      25 |       0 |   0.0 |      15 |       0 |   0.0
        D:3 |      51 |       0 |   0.0 |      25 |       0 |   0.0
            +---------+---------+-------+---------+---------+-------
